Match 41895883
Unlisted

Match 41895883
End
Construct Barracks
Riflemen Squad
Riflemen Squad
Riflemen Squad
M1 Mortar Team
Grenade Package
Riflemen Squad
Construct Medical Station
Selects Advanced Infantry Battlegroup
Selects Convert to Ranger Squad
Convert to Ranger Squad
ghey fish
A
ConcernedApe
vsatanner
0
0

Comments sign in to comment!

No comments posted yet!